AoeStats
← 牛油果

Arena

510530202Analyzed
2v2 RM · 2d ago on Oct 1, 2026· 38m 28s· 4 players
Game mode
Random Map
Map size
Medium (4 player)
Population
200
Speed
Normal
Resources
Standard
Victory
Conquest
Starting age
Dark Age
Ending age
Imperial Age
RankedLock teamsTeams togetherTeam positionsShared explorationLock speedFull tech treeHidden civsTurbo modeCheats
Victory
Defeat
🇭🇰 Poles · Hong Kong SAR China
1608
+7
🇭🇰 Italians · Hong Kong SAR China
1517
+10
🇹🇷 Turks · Türkiye
1461
-10
🇹🇷 Spanish · Türkiye
1320
-7
牛油果
11:24 Feudal Age
15:15 Castle Age
13:09 Double-Bit Axe
13:41 Horse Collar
14:30 Fletching
16:07 Bow Saw
19:07 Bodkin Arrow
20:59 Wheelbarrow
23:37 Hand Cart
23:35 Loom
24:33 Ballistics
25:23 Heavy Plow
25:13 Stone Mining
26:40 Stone Shaft Mining
25:55 Gold Mining
26:34 Husbandry
26:45 Bloodlines
27:20 Town Watch
27:44 Scale Barding Armor
32:19 Imperial Age
30:36 Chain Barding Armor
30:27 Forging
31:11 Szlachta Privileges
32:32 Cavalier
33:51 Iron Casting
33:37 Conscription
38:06 Blast Furnace
38:15 Crop Rotation
局長
10:03 Loom
11:48 Feudal Age
14:08 Double-Bit Axe
14:10 Horse Collar
17:00 Castle Age
16:32 Gold Mining
18:04 Wheelbarrow
18:16 Bow Saw
23:57 Fletching
28:17 Imperial Age
26:22 Fortified Wall
26:33 Ballistics
27:09 Bodkin Arrow
27:59 Ballistics
28:05 Padded Archer Armor
30:14 Chemistry
30:11 Hand Cart
29:41 Town Watch
30:13 Squires
31:03 Leather Archer Armor
33:01 Bracer
34:11 Ring Archer Armor
35:09 Scale Mail Armor
36:17 Conscription
37:33 Pirotechnia
akgunfurkan45
10:44 Feudal Age
14:28 Castle Age
12:34 Horse Collar
13:14 Double-Bit Axe
15:32 Husbandry
22:23 Bloodlines
22:19 Scale Barding Armor
26:55 Chain Barding Armor
28:47 Forging
34:40 Imperial Age
32:52 Wheelbarrow
32:02 Loom
32:03 Town Watch
34:52 Iron Casting
35:55 Bombard Tower
36:53 Plate Barding Armor
37:19 Blast Furnace
35:42 Heavy Camel Rider
tetikçi
10:25 Feudal Age
14:33 Castle Age
12:44 Double-Bit Axe
13:09 Horse Collar
15:19 Gold Mining
17:20 Loom
21:21 Bloodlines
26:23 Padded Archer Armor
32:36 Imperial Age
34:04 Supremacy
34:59 Wheelbarrow
36:06 Fletching
Connection lost

Rejoining the realm…

Still unreachable

The connection could not be restored.

Session expired

The server has moved on; the page needs a fresh start.